 Dungeon Crawl Stone Soup version 0.19.1 (webtiles) character file.

5201 Ladykiller69 the Carver (level 10, -4/88 HPs)
             Began as a Minotaur Abyssal Knight on Dec 21, 2016.
             Was a High Priest of Lugonu.
             Slain by a wyvern (10 damage)
             ... on level 10 of the Dungeon.
             The game lasted 00:20:31 (8222 turns).

Ladykiller69 the Carver (Minotaur Abyssal Knight)   Turns: 8222, Time: 00:20:32

Health: -4/88      AC:  9    Str: 16    XL:     10   Next: 34%
Magic:  7/13       EV: 15    Int:  9    God:    Lugonu [*****.]
Gold:   665        SH:  0    Dex: 14    Spells: 0 memorised, 9 levels left

rFire  . . .     SeeInvis .     R - +2 falchion (slice)
rCold  . . .     Gourm    .     b - +0 leather armour
rNeg   . . .     Faith    .     (no shield)
rPois  .         Spirit   .     (helmet restricted)
rElec  .         Reflect  .     h - +0 cloak
rCorr  .         Harm     .     j - +1 pair of gloves
MR     .....                    v - +0 pair of boots
Stlth  +.........               (no amulet)
                                (no ring)
                                (no ring)

@: no status effects
A: retaliatory headbutt, horns 2
a: Depart the Abyss, Bend Space, Banish, Corrupt, Enter the Abyss, Renounce
Religion


You were on level 10 of the Dungeon.
You worshipped Lugonu.
Lugonu was extremely pleased with you.
You were very hungry.

You visited 1 branch of the dungeon, and saw 10 of its levels.
You visited the Abyss 1 time.

You collected 665 gold pieces.

Inventory:

Hand Weapons
 a - a +1 falchion
 q - a +0 scimitar
 w - a +0 shortbow
 R - a +2 falchion of slicing (weapon)
Missiles
 e - 366 stones (quivered)
 t - 2 tomahawks
 x - 41 bolts
 z - 155 arrows
 P - a throwing net
Armour
 b - a +0 leather armour (worn)
 h - a +0 cloak (worn)
 j - a +1 pair of gloves (worn)
 v - a +0 pair of boots (worn)
 X - a +0 plate armour
Magical Staves
 E - an uncursed staff of cold
Jewellery
 l - an uncursed ring of fire {unknown}
 o - an uncursed ring of magical power {unknown}
 C - the ring of Eternity {Wiz Dex+4, unknown}
   (You found it on level 4 of the Dungeon)

   [ring of wizardry]

   It improves your spell success rate.
   It affects your dexterity (+4).
Wands
 G - a wand of paralysis (15/24)
 L - a wand of paralysis (11/24)
 U - a wand of digging (8/24)
 W - a wand of paralysis (7/24)
Scrolls
 f - 4 scrolls of magic mapping {unknown}
 i - 2 scrolls of immolation {unknown}
 k - 6 scrolls of remove curse {unknown}
 m - 3 scrolls of identify {unknown}
 y - 2 scrolls of enchant weapon {unknown}
 A - 2 scrolls of blinking {unknown}
 B - a scroll of random uselessness {unknown}
 K - 2 scrolls of enchant armour {unknown}
 N - 3 scrolls of recharging {unknown}
 O - a scroll of teleportation {unknown}
 Q - 2 scrolls of noise {unknown}
 S - a scroll of fear {unknown}
Potions
 n - 4 potions of heal wounds {unknown}
 p - a potion of cure mutation {unknown}
 r - a potion of degeneration {unknown}
 s - 2 potions of flight {unknown}
 D - a potion of lignification {unknown}
 F - a potion of berserk rage {unknown}
 H - a potion of curing {unknown}
 I - a potion of brilliance {unknown}
 J - a potion of mutation {unknown}
 V - a potion of haste
Miscellaneous
 T - a phantom mirror
Comestibles
 c - 9 bread rations
 u - 7 beef jerkies
 M - 6 meat rations


   Skills:
 + Level 8.1 Fighting
 * Level 11.2 Long Blades
 + Level 8.0 Armour
 + Level 6.5 Dodging
 + Level 6.4 Invocations


You had 9 spell levels left.
You didn't know any spells.

Dungeon Overview and Level Annotations

Branches:
Dungeon (10/15)            Temple (0/1) D:5            Lair (0/6) D:9
    Orc (0/2) D:9

Altars:
Ashenzari
Cheibriados
Dithmenos
Elyvilon
Fedhas
Gozag
Kikubaaqudgha
Nemelex Xobeh
Qazlal
Ru
Sif Muna
Trog

Annotations:
D:8 Joseph


Innate Abilities, Weirdness & Mutations

You reflexively headbutt those who attack you in melee.
You have a pair of horns on your head.


Message History

* * * LOW HITPOINT WARNING * * *
You see here a water moccasin corpse.
You're too hungry.
You start eating the slice of pizza.
The yak gores you.
* * * LOW HITPOINT WARNING * * *
You are feeling hungry.
Mmm...
Peppers.
Press: ? - help, Shift-Dir - straight line, f - yak
Aim: a yak (chance to defeat MR: 84%)
You fail to use your ability.
The yak completely misses you.
Press: ? - help, Shift-Dir - straight line, f/p - yak
Aim: a yak (chance to defeat MR: 84%)
The yak is devoured by a tear in reality.
Lugonu claims a new guest.
You are feeling very hungry.
A wyvern comes into view.
You see here a water moccasin corpse.
You see here a stone.
The wyvern bites you!
You die...

#.#.. #.... ...Z
... #(. ###..
###....###
.......l(#
###.####@# #.# #
##.##
#.###...########
#..)...)........
##.##.<.#####.##
#. ##.## .# #.#
.# ..#


You could see a wyvern.

Vanquished Creatures
  2 trolls (D:9)
  A two-headed ogre (D:9)
  2 hippogriffs (D:7)
  A water moccasin (D:10)
  Duvessa (D:5)
  3 orc warriors
  2 ice beasts
  A phantom (D:5)
  3 black bears
  An ogre (D:8)
  2 wolves (D:9)
  5 centaurs
  2 big kobolds
  Blork the orc (D:4)
  3 bullfrogs
  Dowan (D:5)
  2 scorpions
  2 electric eels (D:9)
  3 howler monkeys
  2 crimson imps
  A centaur zombie (D:3)
  2 bullfrog zombies
  2 jellies
  9 orc wizards
  4 orc priests
  9 hounds
  4 iguanas
  3 worker ants
  A hound zombie (D:4)
  A howler monkey zombie (D:5)
  Robin (D:3)
  2 worker ant zombies
  4 gnolls (D:3)
  10 adders
  An adder skeleton (D:5)
  3 worms
  3 dart slugs
  2 leopard geckos
  15 orcs
  A ball python (D:3)
  10 bats
  2 giant cockroaches (D:1)
  16 goblins
  15 hobgoblins
  12 jackals
  3 quokkas
  5 frilled lizards
  18 kobolds
  2 leopard gecko skeletons
  A quokka skeleton (D:5)
  11 rats
213 creatures vanquished.

Vanquished Creatures (others)
  A hill giant (D:10)
  A yak (D:10)
2 creatures vanquished.

Grand Total: 215 creatures vanquished

Notes
Turn   | Place    | Note
-------+----------+-------------------------------------------
     0 | Abyss:1  | Ladykiller69 the Minotaur Abyssal Knight began the quest for the Orb.
     0 | Abyss:1  | Reached XP level 1. HP: 19/19 MP: 1/1
     9 | D:1      | Escaped the Abyss
    53 | D:1      | Reached XP level 2. HP: 17/27 MP: 2/2
   218 | D:1      | Reached skill level 3 in Long Blades
   252 | D:1      | Reached ** piety under Lugonu
   503 | D:1      | Reached XP level 3. HP: 30/33 MP: 3/3
   660 | D:2      | Found a bloodstained altar of Trog.
   784 | D:2      | Reached XP level 4. HP: 34/40 MP: 4/4
   976 | D:3      | Reached skill level 4 in Long Blades
   990 | D:3      | Reached XP level 5. HP: 25/47 MP: 5/5
  1321 | D:3      | Reached *** piety under Lugonu
  1552 | D:3      | Reached skill level 5 in Long Blades
  1653 | D:3      | Reached XP level 6. HP: 38/55 MP: 6/6
  1902 | D:3      | Noticed Robin
  1913 | D:3      | Reached skill level 5 in Fighting
  1937 | D:3      | Killed Robin
  2201 | D:4      | Reached **** piety under Lugonu
  2367 | D:4      | Got a warped granite ring
  2402 | D:4      | Found a shadowy altar of Dithmenos.
  2409 | D:4      | Found a snail-covered altar of Cheibriados.
  2414 | D:4      | Found a blossoming altar of Fedhas.
  2424 | D:4      | Found a deep blue altar of Sif Muna.
  2429 | D:4      | Found a white marble altar of Elyvilon.
  2436 | D:4      | Found a sacrificial altar of Ru.
  2441 | D:4      | Found an opulent altar of Gozag.
  2487 | D:4      | Noticed Blork the orc
  2498 | D:4      | Killed Blork the orc
  2952 | D:5      | Entered Level 5 of the Dungeon
  2962 | D:5      | Reached skill level 6 in Long Blades
  2966 | D:5      | Reached XP level 7. HP: 61/61 MP: 8/8
  3015 | D:5      | Found an ancient bone altar of Kikubaaqudgha.
  3015 | D:5      | Found a stormy altar of Qazlal.
  3061 | D:5      | Noticed Duvessa
  3062 | D:5      | Noticed Dowan
  3084 | D:5      | Killed Duvessa
  3321 | D:5      | Found a staircase to the Ecumenical Temple.
  3454 | D:5      | Reached skill level 7 in Long Blades
  3497 | D:5      | Killed Dowan
  3555 | D:6      | Reached XP level 8. HP: 54/70 MP: 9/9
  3705 | D:6      | Reached skill level 5 in Armour
  3743 | D:6      | Found a shattered altar of Ashenzari.
  4193 | D:6      | Reached skill level 8 in Long Blades
  4435 | D:7      | Noticed a hippogriff
  4846 | D:7      | Killed a hippogriff
  4846 | D:7      | Reached skill level 9 in Long Blades
  4879 | D:7      | Reached XP level 9. HP: 75/78 MP: 11/11
  4937 | D:7      | Reached skill level 5 in Dodging
  5051 | D:8      | Reached ***** piety under Lugonu
  5238 | D:8      | Reached skill level 5 in Invocations
  5845 | D:8      | Noticed Joseph
  6334 | D:9      | Reached skill level 10 in Long Blades
  6461 | D:9      | Noticed a troll
  6497 | D:9      | Killed a troll
  6941 | D:9      | Found a staircase to the Lair.
  7201 | D:9      | Found a staircase to the Orcish Mines.
  7343 | D:9      | Found a sparkling altar of Nemelex Xobeh.
  7362 | D:9      | Reached XP level 10. HP: 73/88 MP: 13/13
  7965 | D:10     | Entered Level 10 of the Dungeon
  8032 | D:10     | Noticed a hill giant
  8183 | D:10     | Reached skill level 11 in Long Blades
  8187 | D:10     | Noticed a hill giant
  8206 | D:10     | Banished a hill giant
  8216 | D:10     | HP: 4/88 [yak (5)]
  8222 | D:10     | Slain by a wyvern

Skill      XL: |  1  2  3  4  5  6  7  8  9 10 |
---------------+-------------------------------+-----
Long Blades    | 3 4 5 6 7 9 10 11 | 11.2
Fighting       | 4 5 6 7 8 |  8.1
Invocations    | 2 3 4 5 6 |  6.4
Dodging        | 2 3 4 6 |  6.5
Armour         | 3 4 6 7 8 |  8.0

Action                   |  1- 3 |  4- 6 |  7- 9 | 10-12 || total
-------------------------+-------+-------+-------+-------++-------
Melee: Falchion          |    75 |   187 |    10 |    10 ||   282
       Headbutt          |    14 |    39 |    56 |    11 ||   120
       Scimitar          |       |     8 |   267 |    39 ||   314
 Fire: Shortbow          |       |       |    62 |     6 ||    68
Throw: Stone             |       |       |     4 |     3 ||     7
Invok: Banish            |       |       |       |     2 ||     2
  Use: Potion            |       |       |     2 |       ||     2
 Stab: Sleeping          |       |       |     1 |       ||     1
  Eat: Chunk             |       |     6 |    11 |     1 ||    18
       Bread ration      |       |       |     1 |       ||     1
       Pizza             |       |       |       |     1 ||     1
Armor: Leather armour    |    27 |    69 |    84 |     9 ||   189
Dodge: Dodged            |    59 |   140 |   202 |    35 ||   436
       Rpst.: Falchion   |    12 |    49 |     3 |     4 ||    68
       Scimitar          |       |     3 |    48 |     4 ||    55
